TOP OF THE 1ST |
Oklahoma City Dodgers batting - Pitching for Sacramento River Cats : RHP Adam Durant
|
Pitching: RHP Adam Durant
|
|
Batting: LHB Frank Mullen
|
0-0: Ball 1-0: Swinging Strike 1-1: Ball 2-1: Ball 3-1: Base on Balls
|
Batting: RHB Jeremy Giesler
|
0-0: Ball 1-0: Ball 2-0: Ball 3-0: Called Strike 3-1: Called Strike 3-2: Foul Ball, location: 2F 3-2: Foul Ball, location: 2F 3-2: SINGLE (Groundball, 56D, EV 96.9 MPH) Frank Mullen to second
|
Batting: RHB Justin Anastasio
|
0-0: Swinging Strike 0-1: SINGLE (Line Drive, 6MD, EV 105.0 MPH) Frank Mullen to third Jeremy Giesler to second
|
Batting: LHB Kevin Wiebe
|
0-0: Foul Ball, location: 2F 0-1: Foul Ball, location: 2F 0-2: Ball 1-2: Foul Ball, location: 2F 1-2: Ball 2-2: Ball 3-2: Base on Balls Frank Mullen scores Jeremy Giesler to third Justin Anastasio to second
|
Batting: RHB David Rodgers
|
0-0: Called Strike 0-1: Called Strike 0-2: Ball 1-2: Ball 2-2: Foul Ball, location: 2F 2-2: Ball 3-2: Base on Balls Jeremy Giesler scores Justin Anastasio to third Kevin Wiebe to second
|
Batting: LHB Dalton Silveira
|
0-0: Ball 1-0: Ball 2-0: Ball 3-0: Base on Balls Justin Anastasio scores Kevin Wiebe to third David Rodgers to second
|
Batting: RHB Alex Mejia
|
0-0: Called Strike 0-1: Ball 1-1: SINGLE (Line Drive, 78M, EV 94.4 MPH) Kevin Wiebe scores David Rodgers to third Dalton Silveira to second
|
Batting: RHB Shinji Aizawa
|
0-0: Ground out 5-3 (Groundball, 5L, EV 88.1 MPH) David Rodgers scores Dalton Silveira to third Alex Mejia to second
|
Pitching: RHP Rich Benoit
|
|
Batting: RHB Josh Kimbrell
|
0-0: Ball 1-0: Called Strike 1-1: Foul Ball, location: 2F 1-2: Ball 2-2: Reached on error, E4 (Groundball, 4, EV 80.6 MPH) Dalton Silveira scores Alex Mejia to third
|
Batting: LHB Frank Mullen
|
0-0: Called Strike 0-1: Foul Ball, location: 2F 0-2: Ball 1-2: Ball 2-2: Foul Ball, location: 2F 2-2: Fly out, F8 (Flyball, 89XD, EV 106.9 MPH) Runner from 3rd tags up, SCORES, no throw by CF
|
Batting: RHB Jeremy Giesler
|
0-0: Ball 1-0: Called Strike 1-1: Ball 2-1: Called Strike 2-2: Ball 3-2: Fly out, F8 (Flyball, 8LD, EV 96.2 MPH)
|
Top of the 1st over - 7 runs, 3 hits, 1 error, 1 left on base; Oklahoma City 7 - Sacramento 0 |
BOTTOM OF THE 1ST |
Sacramento River Cats batting - Pitching for Oklahoma City Dodgers : RHP Eddie Usrey
|
Pitching: RHP Eddie Usrey
|
|
Batting: LHB Cesar Arteaga
|
0-0: Swinging Strike 0-1: Reached on error, E4 (Groundball, 4, EV 92.5 MPH)
|
Batting: RHB Yutaka Oki
|
0-0: Called Strike 0-1: SINGLE (Groundball, 5D, EV 108.1 MPH) Cesar Arteaga to second
|
Batting: LHB Carey Horncole
|
0-0: Foul Ball, location: 2F 0-1: Ball 1-1: Swinging Strike 1-2: Strikes out looking
|
Batting: LHB Tom Best
|
0-0: Foul Ball, location: 2F 0-1: Foul Ball, location: 2F 0-2: Ball 1-2: Strikes out looking
|
Batting: LHB David Ramirez
|
0-0: Called Strike 0-1: Foul Ball, location: 2F 0-2: Ball 1-2: Ball 2-2: Fly out, F6 (Flyball, 6D, EV 96.2 MPH)
|
Bottom of the 1st over - 0 runs, 1 hit, 1 error, 2 left on base; Oklahoma City 7 - Sacramento 0 |
TOP OF THE 2ND |
Oklahoma City Dodgers batting - Pitching for Sacramento River Cats : RHP Rich Benoit
|
Batting: RHB Justin Anastasio
|
0-0: Called Strike 0-1: Ball 1-1: Foul Ball, location: 2F 1-2: Ground out 6-3 (Groundball, 6, EV 90.6 MPH)
|
Batting: LHB Kevin Wiebe
|
0-0: Ball 1-0: Ball 2-0: Ball 3-0: Base on Balls
|
Batting: RHB David Rodgers
|
0-0: Swinging Strike 0-1: Foul Ball, location: 2F 0-2: Foul Ball, location: 2F 0-2: Ball 1-2: Foul Ball, location: 2F 1-2: Grounds into double play, 6-4-3 (Groundball, 6S, EV 90.0 MPH)
|
Top of the 2nd over - 0 runs, 0 hits, 0 errors, 0 left on base; Oklahoma City 7 - Sacramento 0 |
BOTTOM OF THE 2ND |
Sacramento River Cats batting - Pitching for Oklahoma City Dodgers : RHP Eddie Usrey
|
Batting: LHB Kevin Kantor
|
0-0: Swinging Strike 0-1: Ball 1-1: Ground out U3 (Groundball, 3, EV 93.8 MPH)
|
Batting: RHB Martin Guerrero
|
0-0: Ground out 5-3 (Groundball, 5S, EV 90.0 MPH)
|
Batting: RHB Tyler Mapes
|
0-0: Ball 1-0: Foul Ball, location: 2F 1-1: Swinging Strike 1-2: Foul Ball, location: 2F 1-2: Ball 2-2: Strikes out swinging
|
Bottom of the 2nd over - 0 runs, 0 hits, 0 errors, 0 left on base; Oklahoma City 7 - Sacramento 0 |
TOP OF THE 3RD |
Oklahoma City Dodgers batting - Pitching for Sacramento River Cats : RHP Rich Benoit
|
Batting: LHB Dalton Silveira
|
0-0: Ball 1-0: Ball 2-0: Called Strike 2-1: Ball 3-1: SINGLE (Groundball, 5S, EV 66.9 MPH) (infield hit)
|
Batting: RHB Alex Mejia
|
0-0: Ball 1-0: Fly out, F5 (Popup, 56D, EV 70.0 MPH)
|
Batting: RHB Shinji Aizawa
|
0-0: Called Strike 0-1: Ball 1-1: Ball 2-1: Foul Ball, location: 2F Pickoff Throw to First - Error! E1 Dalton Silveira to second 2-2: Ball 3-2: Foul Ball, location: 2F 3-2: Fly out, F7 (Flyball, 78M, EV 91.2 MPH)
|
Batting: RHB Josh Kimbrell
|
0-0: SINGLE (Groundball, 56D, EV 100.6 MPH) Dalton Silveira to third Runner from 3rd tries for Home, SAFE, throw by LF to home
|
Batting: LHB Frank Mullen
|
0-0: Foul Ball, location: 2F 0-1: Ball 1-1: Ball 2-1: Swinging Strike 2-2: Fly out, F8 (Flyball, 89XD, EV 101.2 MPH)
|
Top of the 3rd over - 1 run, 2 hits, 1 error, 1 left on base; Oklahoma City 8 - Sacramento 0 |
BOTTOM OF THE 3RD |
Sacramento River Cats batting - Pitching for Oklahoma City Dodgers : RHP Eddie Usrey
|
Batting: RHB Matt Fenimore
|
0-0: Ball 1-0: Foul Ball, location: 2F 1-1: Ground out 6-3 (Groundball, 6, EV 78.1 MPH)
|
Batting: LHB Cesar Arteaga
|
0-0: Ground out 5-3 (Groundball, 56, EV 105.6 MPH)
|
Batting: RHB Yutaka Oki
|
0-0: Fly out, F8 (Flyball, 78M, EV 83.1 MPH)
|
Bottom of the 3rd over - 0 runs, 0 hits, 0 errors, 0 left on base; Oklahoma City 8 - Sacramento 0 |
TOP OF THE 4TH |
Oklahoma City Dodgers batting - Pitching for Sacramento River Cats : RHP Rich Benoit
|
Batting: RHB Jeremy Giesler
|
0-0: Ball 1-0: Called Strike 1-1: Ball 2-1: Ball 3-1: Ground out 6-3 (Groundball, 56, EV 102.5 MPH)
|
Batting: RHB Justin Anastasio
|
0-0: Foul Ball, location: 2F 0-1: Foul Ball, location: 2F 0-2: Foul Ball, location: 2F 0-2: Foul Ball, location: 2F 0-2: Foul Ball, location: 2F 0-2: Foul Ball, location: 2F 0-2: Strikes out swinging
|
Batting: LHB Kevin Wiebe
|
0-0: Called Strike 0-1: Called Strike 0-2: Ball 1-2: Fly out, F9 (Line Drive, 9, EV 94.4 MPH)
|
Top of the 4th over - 0 runs, 0 hits, 0 errors, 0 left on base; Oklahoma City 8 - Sacramento 0 |
BOTTOM OF THE 4TH |
Sacramento River Cats batting - Pitching for Oklahoma City Dodgers : RHP Eddie Usrey
|
Batting: LHB Carey Horncole
|
0-0: Ball 1-0: Called Strike 1-1: Swinging Strike 1-2: Foul Ball, location: 2F 1-2: Strikes out looking
|
Batting: LHB Tom Best
|
0-0: Swinging Strike 0-1: Fly out, F7 (Flyball, 78M, EV 88.8 MPH)
|
Batting: LHB David Ramirez
|
0-0: Ball 1-0: Called Strike 1-1: Ground out 4-3 (Groundball, 4S, EV 67.5 MPH)
|
Bottom of the 4th over - 0 runs, 0 hits, 0 errors, 0 left on base; Oklahoma City 8 - Sacramento 0 |
TOP OF THE 5TH |
Oklahoma City Dodgers batting - Pitching for Sacramento River Cats : RHP Rich Benoit
|
Batting: RHB David Rodgers
|
0-0: Called Strike 0-1: Ball 1-1: Ball 2-1: Foul Ball, location: 2F 2-2: Ball 3-2: Base on Balls
|
Pitching: RHP Taiji Morita
|
|
Batting: LHB Dalton Silveira
|
0-0: Called Strike 0-1: Ball 1-1: Called Strike 1-2: Strikes out looking
|
Batting: RHB Alex Mejia
|
0-0: Called Strike 0-1: Ball 1-1: Fielders Choice at 2nd, 5-4 (Groundball, 5S, EV 78.1 MPH)
|
Batting: RHB Shinji Aizawa
|
0-0: Foul Ball, location: 2F 0-1: Ball 1-1: Ball 2-1: Fly out, F8 (Flyball, 8LXD, EV 86.9 MPH)
|
Top of the 5th over - 0 runs, 0 hits, 0 errors, 1 left on base; Oklahoma City 8 - Sacramento 0 |
BOTTOM OF THE 5TH |
Sacramento River Cats batting - Pitching for Oklahoma City Dodgers : RHP Eddie Usrey
|
Batting: LHB Kevin Kantor
|
0-0: Swinging Strike 0-1: Ball 1-1: Ball 2-1: Fly out, F8 (Flyball, 8LD, EV 96.2 MPH)
|
Batting: RHB Martin Guerrero
|
0-0: Ball 1-0: Ball 2-0: Ball 3-0: Base on Balls
|
Batting: RHB Tyler Mapes
|
0-0: Foul Ball, location: 2F 0-1: Foul Ball, location: 2F 0-2: Foul Ball, location: 2F 0-2: Foul Ball, location: 2F 0-2: Strikes out looking
|
Batting: RHB Matt Fenimore
|
0-0: Ball 1-0: DOUBLE (Groundball, 5L, EV 108.8 MPH) Martin Guerrero to third
|
Batting: LHB Cesar Arteaga
|
0-0: Ball Wild Pitch! Martin Guerrero scores Matt Fenimore to third 1-0: Ball 2-0: Ball 3-0: Base on Balls
|
Batting: RHB Yutaka Oki
|
0-0: Called Strike 0-1: Ball 1-1: Ball 2-1: Foul Ball, location: 2F 2-2: Fielders Choice at 2nd, 5-4 (Groundball, 56, EV 86.9 MPH)
|
Bottom of the 5th over - 1 run, 1 hit, 0 errors, 2 left on base; Oklahoma City 8 - Sacramento 1 |
TOP OF THE 6TH |
Oklahoma City Dodgers batting - Pitching for Sacramento River Cats : RHP Taiji Morita
|
Batting: RHB Josh Kimbrell
|
0-0: Ball 1-0: Ground out 6-3 (Groundball, 6, EV 102.5 MPH)
|
Batting: LHB Frank Mullen
|
0-0: Ball 1-0: Ball 2-0: Ball 3-0: Base on Balls
|
Batting: RHB Jeremy Giesler
|
0-0: Fielders Choice at 2nd, 4-6 (Groundball, 4, EV 103.8 MPH)
|
Batting: RHB Justin Anastasio
|
0-0: Called Strike 0-1: Swinging Strike 0-2: Strikes out swinging
|
Top of the 6th over - 0 runs, 0 hits, 0 errors, 1 left on base; Oklahoma City 8 - Sacramento 1 |
BOTTOM OF THE 6TH |
Sacramento River Cats batting - Pitching for Oklahoma City Dodgers : RHP Eddie Usrey
|
Batting: LHB Carey Horncole
|
0-0: Ball 1-0: Ball 2-0: Called Strike 2-1: Foul Ball, location: 2F 2-2: Foul Ball, location: 2F 2-2: Foul Ball, location: 2F 2-2: Ball 3-2: Fly out, F8 (Flyball, 8LD, EV 100.0 MPH)
|
Batting: LHB Tom Best
|
0-0: Ball 1-0: Swinging Strike 1-1: Foul Ball, location: 2F 1-2: Ball 2-2: Fly out, F9 (Line Drive, 9, EV 88.1 MPH)
|
Batting: LHB David Ramirez
|
0-0: Ball 1-0: Ball 2-0: Called Strike 2-1: Ground out 5-3 (Groundball, 5, EV 87.5 MPH)
|
Bottom of the 6th over - 0 runs, 0 hits, 0 errors, 0 left on base; Oklahoma City 8 - Sacramento 1 |
TOP OF THE 7TH |
Oklahoma City Dodgers batting - Pitching for Sacramento River Cats : RHP Taiji Morita
|
Batting: LHB Kevin Wiebe
|
0-0: Called Strike 0-1: Ball 1-1: Called Strike 1-2: Ball 2-2: SOLO HOME RUN (Flyball, 9LD, EV 93.8 MPH), Distance : 347 ft
|
Batting: RHB David Rodgers
|
0-0: DOUBLE (Flyball, 89XD, EV 106.9 MPH)
|
Batting: LHB Dalton Silveira
|
0-0: Fly out, F7 (Line Drive, 7, EV 91.9 MPH)
|
Batting: RHB Alex Mejia
|
0-0: Ground out 3-1 (Groundball, 34, EV 83.1 MPH) David Rodgers to third
|
Batting: RHB Shinji Aizawa
|
0-0: Ball 1-0: SINGLE (Flyball, 8RS, EV 98.8 MPH) David Rodgers scores
|
Batting: RHB Josh Kimbrell
|
0-0: Called Strike 0-1: Ground out 4-3 (Groundball, 4S, EV 90.0 MPH)
|
Top of the 7th over - 2 runs, 3 hits, 0 errors, 1 left on base; Oklahoma City 10 - Sacramento 1 |
BOTTOM OF THE 7TH |
Sacramento River Cats batting - Pitching for Oklahoma City Dodgers : RHP Eddie Usrey
|
Batting: LHB Kevin Kantor
|
0-0: Ball 1-0: Called Strike 1-1: Swinging Strike 1-2: Ball 2-2: Foul Ball, location: 2F 2-2: Ball 3-2: Base on Balls
|
Pinch Hitting: RHB Laroya Foronda
|
0-0: Called Strike 0-1: Ball 1-1: Fly out, F7 (Flyball, 7S, EV 86.2 MPH)
|
Batting: RHB Tyler Mapes
|
0-0: Ball 1-0: Foul Ball, location: 2F 1-1: Ball 2-1: Foul Ball, location: 2F 2-2: Foul Ball, location: 2F 2-2: 2-RUN HOME RUN (Flyball, 8LXD, EV 116.2 MPH), Distance : 467 ft
|
Batting: RHB Matt Fenimore
|
0-0: Swinging Strike 0-1: Fly out, F8 (Flyball, 78D, EV 88.1 MPH)
|
Batting: LHB Cesar Arteaga
|
0-0: Called Strike 0-1: Ball 1-1: Swinging Strike 1-2: Foul Ball, location: 2F 1-2: Strikes out swinging
|
Bottom of the 7th over - 2 runs, 1 hit, 0 errors, 0 left on base; Oklahoma City 10 - Sacramento 3 |
TOP OF THE 8TH |
Oklahoma City Dodgers batting - Pitching for Sacramento River Cats : RHP Taiji Morita
|
Now in CF: Yutaka Oki
|
|
Now in RF: Laroya Foronda
|
|
Batting: LHB Frank Mullen
|
0-0: Ball 1-0: Ball 2-0: SINGLE (Flyball, 34D, EV 76.9 MPH)
|
Batting: RHB Jeremy Giesler
|
0-0: Called Strike 0-1: Ball 1-1: Foul Ball, location: 2F 1-2: Foul Ball, location: 2F 1-2: Fielders Choice at 2nd, 4-6 (Groundball, 4, EV 84.4 MPH)
|
Batting: RHB Justin Anastasio
|
0-0: Foul Ball, location: 2F 0-1: Ball 1-1: Called Strike Jeremy Giesler steals 2nd base (no throw) 1-2: Strikes out swinging
|
Batting: LHB Kevin Wiebe
|
0-0: Ball 1-0: Called Strike 1-1: Foul Ball, location: 2F 1-2: Foul Ball, location: 2F 1-2: Ground out 4-3 (Groundball, 4, EV 90.0 MPH)
|
Top of the 8th over - 0 runs, 1 hit, 0 errors, 1 left on base; Oklahoma City 10 - Sacramento 3 |
BOTTOM OF THE 8TH |
Sacramento River Cats batting - Pitching for Oklahoma City Dodgers : RHP Eddie Usrey
|
Pitching: RHP Josh Thorne
|
|
Batting: RHB Yutaka Oki
|
0-0: Ball 1-0: SINGLE (Groundball, 5S, EV 66.2 MPH) (infield hit)
|
Batting: LHB Carey Horncole
|
|
Pitching: LHP Chris Mobley
|
0-0: Called Strike 0-1: Ball 1-1: Ball 2-1: Foul Ball, location: 2F 2-2: SINGLE (Flyball, 78M, EV 94.4 MPH) Yutaka Oki to second
|
Batting: LHB Tom Best
|
0-0: Fielders Choice at 2nd, 4-6 (Groundball, 34, EV 86.2 MPH) Yutaka Oki to third
|
Batting: RHB Roberto Duron
|
0-0: Foul Ball, location: 2F 0-1: Grounds into double play, 5-4-3 (Groundball, 56, EV 109.4 MPH)
|
Bottom of the 8th over - 0 runs, 2 hits, 0 errors, 1 left on base; Oklahoma City 10 - Sacramento 3 |
TOP OF THE 9TH |
Oklahoma City Dodgers batting - Pitching for Sacramento River Cats : RHP Taiji Morita
|
Pinch Hitting: LHB Alberto Chavez
|
0-0: Ball 1-0: Ground out 5-3 (Groundball, 56, EV 80.6 MPH)
|
Batting: LHB Dalton Silveira
|
0-0: Called Strike 0-1: Ball 1-1: Ball 2-1: Ball 3-1: Swinging Strike 3-2: Base on Balls
|
Pitching: RHP Fidde Machielsen
|
|
Batting: RHB Alex Mejia
|
0-0: Called Strike 0-1: Foul Ball, location: 2F 0-2: Ball 1-2: Ball 2-2: Strikes out swinging
|
Batting: RHB Shinji Aizawa
|
0-0: Ball 1-0: Ball 2-0: Ball 3-0: Called Strike 3-1: SINGLE (Line Drive, 4MD, EV 103.1 MPH) Dalton Silveira to second
|
Batting: RHB Josh Kimbrell
|
0-0: SINGLE (Line Drive, 4M, EV 103.8 MPH) Dalton Silveira to third Shinji Aizawa to second Runner from 3rd tries for Home, throw by CF and OUT! 8-2
|
Top of the 9th over - 0 runs, 2 hits, 0 errors, 2 left on base; Oklahoma City 10 - Sacramento 3 |
BOTTOM OF THE 9TH |
Sacramento River Cats batting - Pitching for Oklahoma City Dodgers : LHP Chris Mobley
|
Now at 1B: Alberto Chavez
|
|
Batting: LHB Kevin Kantor
|
0-0: Foul Ball, location: 2F 0-1: Swinging Strike 0-2: Foul Ball, location: 2F 0-2: Ball 1-2: Strikes out swinging, 2-3 out at first.
|
Pitching: RHP J.J. Riley
|
|
Batting: RHB Laroya Foronda
|
0-0: Called Strike 0-1: Ball 1-1: Foul Ball, location: 2F 1-2: Foul Ball, location: 2F 1-2: Ground out 6-3 (Groundball, 6, EV 88.1 MPH)
|
Batting: RHB Tyler Mapes
|
0-0: Ball 1-0: Swinging Strike 1-1: Ball 2-1: Foul Ball, location: 2F 2-2: Strikes out swinging
|
Bottom of the 9th over - 0 runs, 0 hits, 0 errors, 0 left on base; Oklahoma City 10 - Sacramento 3 |
|